 Dungeon Sprint DCSS version 0.27.1-33-g824d729ab1 (webtiles) character file.

Game seed: 3436561212526545946

19 Groucho the Sneak (level 2, -9/19 HPs)
             Began as a Spriggan Enchanter on Nov 28, 2021.
             Was a Priest of Kikubaaqudgha.
             Mangled by an ice beast (13 damage)
             ... in the Dungeon (Sprint VII: "The Pits").
             The game lasted 00:03:30 (510 turns).

Groucho the Sneak (Spriggan Enchanter)               Turns: 510, Time: 00:03:31

Health: -9/19      AC:  2    Str:  4    XL:     2   Next: 55%
Magic:  7/8        EV: 17    Int: 16    God:    Kikubaaqudgha [***...]
Gold:   0          SH:  0    Dex: 15    Spells: 6/9 levels left

rFire    . . .     SeeInvis +   i - +2 dagger
rCold    . . .     Faith    .   (shield restricted)
rNeg     . . .     Spirit   .   b - +0 robe
rPois    .         Reflect  .   (helmet restricted)
rElec    .         Harm     .   (no cloak)
rCorr    .         Rampage  .   (gloves unavailable)
Will     .....     NoTele   +   (boots unavailable)
Stlth    ..........             (no amulet)
HPRegen  0.06/turn              (no ring)
MPRegen  0.11/turn              (no ring)

@: berserking, very quick
A: very small, no large weapons, unfitting armour, see invisible, speed 3
a: Renounce Religion, Receive Corpses


You were in the Dungeon.
You worshipped Kikubaaqudgha.
Kikubaaqudgha was most pleased with you.
You visited 1 branch

Inventory:

Hand Weapons
 i - a +2 dagger (weapon)
Missiles
 l - 9 stones (quivered)
Armour
 b - a +0 robe (worn)
Scrolls
 h - a scroll of blinking
 j - 5 scrolls of amnesia
 k - a scroll of summoning
Potions
 a - 2 potions of invisibility
 d - a potion of heal wounds
 e - a potion of haste
 f - 4 potions of magic
 g - 2 potions of berserk rage


   Skills:
 - Level 1.1 Short Blades
 - Level 2.6 Dodging
 * Level 7.3 Stealth
 + Level 4.1 Spellcasting
 + Level 4.8 Hexes


You had 6 spell levels left.
You knew the following spells:

 Your Spells              Type           Power      Damage    Failure   Level
a - Corona                Hex            20%        N/A       2%          1
b - Ensorcelled Hibernat  Hex/Ice        20%        N/A       10%         2

Your spell library contained the following spells:

 Spells                   Type           Power      Damage    Failure   Level
 Confusing Touch          Hex            18%        N/A       7%          3
 Tukima's Dance           Hex            18%        N/A       7%          3
 Animate Skeleton         Necr           6%         N/A       17%         1
 Pain                     Necr           12%        1d4       17%         1
 Dazzling Flash           Conj/Hex       20%        N/A       19%         3
 Sublimation of Blood     Necr           1%         N/A       26%         2
 Vampiric Draining        Necr           1%         2d6       45%         3
 Animate Dead             Necr           1%         N/A       86%         4
 Dispel Undead            Necr           3%         3d7       86%         4
 Agony                    Necr           3%         N/A       99%         5
 Borgnjor's Vile Clutch   Necr/Erth      1%         N/A       99%         5
 Excruciating Wounds      Necr           1%         N/A       99%         5


Dungeon Overview and Level Annotations

Branches:
Dungeon (1/1)

Altars:
Ashenzari
Cheibriados
Dithmenos
Elyvilon
Fedhas
Gozag
Hepliaklqana
Kikubaaqudgha
Makhleb
Nemelex Xobeh
Okawaru
Qazlal
Ru
Sif Muna
Trog
Uskayaw
Vehumet
Wu Jian
Xom
Yredelemnul
Zin
The Shining One
Beogh
Jiyva
Lugonu


Innate Abilities, Weirdness & Mutations

You are very small and have problems with some larger weapons.
You are too small for most types of armour.
You have supernaturally acute eyesight. (SInv)
You cover ground extremely quickly. (Speed+++)


Message History

The ufetubus is lightly wounded.
The ufetubus closely misses you. The ufetubus hits you.
A red film seems to cover your vision as you go berserk!
You feel yourself moving faster!
You feel mighty!
The ufetubus hits you but does no damage.
The ufetubus completely misses you. The ufetubus barely misses you.
The ufetubus misses you.
You closely miss the ufetubus.
The ufetubus is lightly wounded.
The ufetubus closely misses you. x2
You puncture the ufetubus!
You kill the ufetubus!
Kikubaaqudgha accepts your kill.
Your Stealth skill increases to level 7!
Your Spellcasting skill increases to level 4!
You hit the jackal.
The jackal is lightly wounded.
The jackal bites you.
You closely miss the jackal.
The jackal is lightly wounded.
The jackal completely misses you.
You puncture the jackal!
You kill the jackal!
Kikubaaqudgha accepts your kill.
You hit the jackal.
The jackal is lightly wounded.
The jackal completely misses you.
You puncture the jackal!
You kill the jackal!
Kikubaaqudgha accepts your kill. Kikubaaqudgha grants you a gift!
You add the spells Animate Dead, Excruciating Wounds, Agony, Borgnjor's Vile Clutch and Dispel Undead to your library.
Unknown command.
Unknown command.
The ice beast hits you.
* * * LOW HITPOINT WARNING * * *
The ice beast freezes you!
Ouch! That really hurt!
You die...
Kikubaaqudgha rasps: "You have failed me!
Welcome... death!"

#_______...###########++###
##########'##..............
#.?..')))'.##......#..#....
##########.##..............
#..........รท'..........)...
#+#####'#####......#..#....
#..#...'.##..............
#..#...#.#####'#####++###
#..#####@##.......#
#.g'...#Y##.......#
#.hh.5.hg##.......#
#Y.########...<...# #..
#.......# #.Y #.......# ###
#.......# #########


You could see an ice beast, a gnoll and a jackal.

Vanquished Creatures
  An ufetubus (D)
  An orc (D)
  6 jackals (D)
  2 quokkas (D)
  A ball python (D)
11 creatures vanquished.

Notes
Turn   | Place    | Note
-------+----------+-------------------------------------------
     0 | D        | Groucho the Spriggan Enchanter began the quest for the Orb.
     0 | D        | Reached XP level 1. HP: 9/9 MP: 5/5
    12 | D        | Reached skill level 5 in Stealth
    41 | D        | Found a bloodstained altar of Trog.
    41 | D        | Found a shimmering blue altar of Sif Muna.
    41 | D        | Found a viscous altar of Jiyva.
    41 | D        | Found a hazy altar of Hepliaklqana.
    41 | D        | Found an opulent altar of Gozag.
    42 | D        | Found a glowing golden altar of the Shining One.
    42 | D        | Found a glowing silver altar of Zin.
    42 | D        | Found a basalt altar of Yredelemnul.
    42 | D        | Found a shimmering altar of Xom.
    42 | D        | Found an ornate altar of the Wu Jian Council.
    42 | D        | Found a sacrificial altar of Ru.
    42 | D        | Found a stormy altar of Qazlal.
    42 | D        | Found an iron altar of Okawaru.
    42 | D        | Found a sparkling altar of Nemelex Xobeh.
    42 | D        | Found a burning altar of Makhleb.
    42 | D        | Found a blossoming altar of Fedhas.
    42 | D        | Found a white marble altar of Elyvilon.
    42 | D        | Found a shadowy altar of Dithmenos.
    42 | D        | Found a snail-covered altar of Cheibriados.
    45 | D        | Found a corrupted altar of Lugonu.
    45 | D        | Found a radiant altar of Vehumet.
    46 | D        | Found an ancient bone altar of Kikubaaqudgha.
    46 | D        | Found a hide-covered altar of Uskayaw.
    46 | D        | Found a broken altar of Ashenzari.
    54 | D        | Became a worshipper of Kikubaaqudgha
    92 | D        | Reached * piety under Kikubaaqudgha
    92 | D        | Received a gift from Kikubaaqudgha
    96 | D        | Reached skill level 6 in Stealth
   434 | D        | Reached ** piety under Kikubaaqudgha
   435 | D        | Reached XP level 2. HP: 13/13 MP: 7/7
   476 | D        | Learned a level 2 spell: Ensorcelled Hibernation
   482 | D        | Noticed an ice beast
   505 | D        | Reached skill level 7 in Stealth
   509 | D        | Reached *** piety under Kikubaaqudgha
   509 | D        | Received a gift from Kikubaaqudgha
   510 | D        | Mangled by an ice beast

Illustrated notes

Levels and vault maps discovered:
D:        pitsprint [storerooms_1, entrance_room_1, metal_vault_3, armoury_2,
          mini_pit_1, grid_room_1, main_hall_1, silver_pit, the_coven_1,
          the_vestibule_1, steel_vault_2, golden_pit, hallway_of_sentries,
          crystal_vault_2, iron_vault_4, final_vault]

Skill      XL: |  1  2 |
---------------+-------+-----
Stealth        | 6 7 |  7.3
Spellcasting   | 3 4 |  4.1
Hexes          | 4 |  4.8
Short Blades   | |  1.1
Dodging        | |  2.6

Action                   || total
-------------------------++-------
Melee: Dagger            ||    42
Throw: Stone             ||     7
  Use: Potion            ||     2
 Stab: Sleeping          ||     2
Armor: Robe              ||     3
Dodge: Dodged            ||    49
